 Dungeon Crawl Stone Soup version 0.30-a0-782-ge64f9170bb (webtiles) character file.

Game seed: 3959459651520825416

80212 Ijustatesigmund the Warrior (level 15, -5/157 HPs)
             Began as a Hill Orc Fighter on Feb 24, 2023.
             Was an Elder of Ashenzari.
             Slain by an orc knight
             ... wielding a +2 long sword of electrocution
              (11 damage)
             ... on level 2 of the Orcish Mines.
             The game lasted 00:51:32 (28530 turns).

Ijustatesigmund the Warrior (Hill Orc Fighter)     Turns: 28530, Time: 00:51:33

Health: -5/157     AC: 19    Str: 29    XL:     15   Next: 66%
Magic:  25/25      EV: 11    Int: 12    God:    Ashenzari [****..]
Gold:   2653       SH:  7    Dex: 10    Spells: 21/28 levels left

rFire   . . .      SeeInvis +    a - +1 war axe "Share My Gnosis" {flame, Elem, Evo} (curse)
rCold   . . .      Faith    .    c - +1 buckler of Supernal Gnosis {Fort, Melee} (curse)
rNeg    . . .      Spirit   .    b - +0 chain mail "Eternal Visionary" {Elem, Comp} (curse)
rPois   +          Reflect  .    (no helmet)
rElec   .          Harm     .    n - +0 cloak "Chained With Me" {Str+6, Melee, Comp} (curse)
rCorr   .          Rampage  .    j - +1 pair of gloves
Will    +....      Clarity  +    C - +0 pair of boots of Toth-Mos's Legacy {Elem, Cun} (curse) Stlth
                                 D - amulet of Cremastomancy {RegenMP, Self, Elem} (curse)
HPRegen 0.46/turn                x - ring "Thunder Perfect Mind" {rPois, Self, Bglg} (curse)
MPRegen 0.59/turn                H - +4 ring of slaying

@: no status effects
A: no striking features
a: Renounce Religion, Curse Item, Shatter the Chains


You were on level 2 of the Orcish Mines.
You worshipped Ashenzari.
Ashenzari was greatly pleased with you.
You visited 4 branches of the dungeon, and saw 22 of its levels.
You also visited: Ossuary.

You collected 3335 gold pieces.
You spent 682 gold pieces at shops.

Inventory:

Hand Weapons
 a - the cursed +1 war axe "Share My Gnosis" (weapon) {flame, Elem, Evo}

   It has a curse which improves the following skills: Elements: Fire Magic, Ice
   Magic, Air Magic and Earth Magic.
   Evocations: Evocations.
Missiles
 T - 2 throwing nets (quivered)
Armour
 b - the cursed +0 chain mail "Eternal Visionary" (worn) {Elem, Comp}
   (You found it on level 4 of the Dungeon)

   It has a curse which improves the following skills: Elements: Fire Magic, Ice
   Magic, Air Magic and Earth Magic.
   Companions: Summonings and Necromancy.
 c - the cursed +1 buckler of Supernal Gnosis (worn) {Fort, Melee}

   It has a curse which improves the following skills: Fortitude: Armour and
   Shields.
   Melee Combat: Short Blades, Long Blades, Axes, Maces & Flails, Polearms,
   Staves and Unarmed Combat.
 j - a +1 pair of gloves (worn)
 n - the cursed +0 cloak "Chained With Me" (worn) {Str+6, Melee, Comp}
   (You bought it in a shop on level 6 of the Dungeon)

   Str:       It affects your strength (+6).
   It has a curse which improves the following skills: Melee Combat: Short
   Blades, Long Blades, Axes, Maces & Flails, Polearms, Staves and Unarmed
   Combat.
   Companions: Summonings and Necromancy.
 C - the cursed +0 pair of boots of Toth-Mos's Legacy (worn) {Elem, Cun}
   (You found it on level 13 of the Dungeon)

   It has a curse which improves the following skills: Elements: Fire Magic, Ice
   Magic, Air Magic and Earth Magic.
   Cunning:   Dodging and Stealth.
 M - +0 ice dragon scales
 S - the +3 robe "Qug Teukhlish" {Drain rElec rC+++ Int-3}
   (You found it on level 5 of the Lair of Beasts)

   Int:       It affects your intelligence (-3).
   rC:        It renders you almost immune to cold.
   rElec:     It insulates you from electricity.
   Drain:     It drains your maximum health when unequipped.
Jewellery
 g - an amulet of the acrobat
 k - a ring of flight
 x - the cursed ring "Thunder Perfect Mind" (left hand) {rPois, Self, Bglg}
   (You found it in an ossuary)

   [ring of poison resistance]

   rPois:     It protects you from poison.
   It has a curse which improves the following skills: Introspection: Fighting
   and Spellcasting.
   Beguiling: Conjurations, Hexes and Translocations.
 D - the cursed amulet of Cremastomancy (around neck) {RegenMP, Self, Elem}
   (You found it on level 8 of the Dungeon)

   [amulet of magic regeneration]

   It increases your rate of magic regeneration.
   It has a curse which improves the following skills: Introspection: Fighting
   and Spellcasting.
   Elements:  Fire Magic, Ice Magic, Air Magic and Earth Magic.
 G - a ring of wizardry
 H - a +4 ring of slaying (right hand)
 I - a ring of magical power
 P - a +6 ring of intelligence
Wands
 p - a wand of mindburst (2)
 r - a wand of acid (7)
 s - a wand of polymorph (3)
 y - a wand of flame (23)
Scrolls
 f - 8 scrolls of enchant armour
 l - a scroll of silence
 m - 14 scrolls of identify
 o - 3 scrolls of fear
 t - 4 scrolls of fog
 v - 5 scrolls of amnesia
 B - a scroll of brand weapon
 E - a scroll of blinking
 F - 2 scrolls of immolation
 J - 6 scrolls of teleportation
 O - a scroll of magic mapping
 Q - a scroll of enchant weapon
Potions
 d - 2 potions of might
 e - 8 potions of brilliance
 h - 11 potions of heal wounds
 i - 12 potions of curing
 q - 2 potions of ambrosia
 u - a potion of lignification
 w - 4 potions of attraction
 z - 4 potions of magic
 A - a potion of flight
 L - a potion of berserk rage
 R - a potion of haste
Miscellaneous
 K - a phantom mirror
 N - a piece from Xom's chessboard (15/15)


   Skills:
 + Level 18.0(20.7) Fighting
 + Level 17.5(20.3) Axes
 + Level 12.3(14.2) Armour
 - Level 4.3(6.1) Dodging
 - Level 7.4(9.4) Shields
 - Level 4.2(7.0) Spellcasting
 - Level 7.1(9.1) Conjurations
 - Level 5.2(9.7) Fire Magic
 - Level 4.0(8.2) Earth Magic
 - Level 7.2(9.2) Evocations


You had 21 spell levels left.
You knew the following spells:

 Your Spells              Type           Power      Damage    Failure   Level
a - Stone Arrow           Conj/Erth      50%        3d10      6%          3
b - Flame Wave            Conj/Fire      26%        2d8       14%         4

Your spell library contained the following spells:

 Spells                   Type           Power      Damage    Failure   Level
 Sticky Flame             Conj/Fire      26%        2d5       14%         4
 Inner Flame              Hex/Fire       16%        N/A       26%         3
 Ignite Poison            Fire/Tmut/Pois 12%        N/A       47%         3
 Animate Armour           Summ/Erth      28%        N/A       75%         4
 Call Canine Familiar     Summ           5%         N/A       87%         3
 Spider Form              Tmut/Pois      4%         N/A       90%         3
 Lightning Bolt           Conj/Air       8%         1d20      94%         5
 Iron Shot                Conj/Erth      12%        9d3       96%         6
 Airstrike                Air            2%         2d(1-17)  99%         4
 Summon Lightning Spire   Summ/Air       5%         N/A       99%         4
 Freezing Cloud           Conj/Ice/Air   6%         6-21      99%         5
 Blade Hands              Tmut           2%         N/A       100%        5
 Summon Forest            Summ/Tloc      2%         N/A       100%        5
 Yara's Violent Unravell  Hex/Tmut       2%         3d3       100%        5
 Eringya's Noxious Bog    Tmut/Pois      2%         N/A       100%        6
 Simulacrum               Ice/Necr       2%         N/A       100%        6
 Statue Form              Tmut/Erth      9%         N/A       100%        6
 Storm Form               Tmut/Air       2%         N/A       100%        7
 Summon Hydra             Summ           2%         N/A       100%        7
 Ignition                 Fire           13%        3d6       100%        8
 Lehudib's Crystal Spear  Conj/Erth      12%        10d4      100%        8
 Maxwell's Capacitive Co  Air            2%         ∞         100%        8
 Polar Vortex             Ice            2%         N/A       100%        9


Dungeon Overview and Level Annotations

Branches:
Dungeon (14/15)            Temple (1/1) D:7            Lair (5/5) D:9
 Shoals (0/4) Lair:3        Snake (0/4) Lair:3        Slime (0/5) Lair:4
    Orc (2/2) D:12            Elf (0/3) Orc:2        Vaults (0/5) D:13
Ossuary (visited)

Altars:
Ashenzari
Cheibriados
Dithmenos
Elyvilon
Fedhas
Gozag
Hepliaklqana
Kikubaaqudgha
Makhleb
Nemelex Xobeh
Okawaru
Qazlal
Ru
Sif Muna
Trog
Uskayaw
Vehumet
Wu Jian
Xom
Yredelemnul
Zin
The Shining One
Jiyva

Shops:
D:1 ?   D:4 [=[!(   D:6 [   D:8 *   Orc:2 *[!

Portals:
Trove: D:12 (give 9 potions of haste)

Annotations:
Lair:1 exclusion: orange crystal statue


Message History

You slice the orc priest!! You burn the orc priest!
You kill the orc priest!
The orc priest calls down the wrath of Beogh upon you.
Beogh smites you!
The orc knight roars a battlecry!
The orc priest goes into a battle-frenzy!
You closely miss the orc knight. You slice the orc priest!!
You burn the orc priest!
You kill the orc priest!
The orc priest mumbles some strange prayers to Beogh against you.
Beogh smites you!
The orc knight hits you with a +2 long sword of electrocution!
You hear a shout!
You closely miss the orc knight. You hit the orc knight.
You burn the orc knight.
An orc knight comes into view. It is wielding a +0 battleaxe.
The orc knight hits you with a +4 broad axe of venom!!
The orc wizard casts a spell.
The orc wizard flickers and vanishes for a moment.
The orc priest threatens, "By the altar or by the axe, you will meet Beogh!"
Things that are here:
a +0 whip; a +0 leather armour; an orc corpse The orc priest looks satisfied for a moment.
You block the orc knight's attack.
There is a stone staircase leading down here.
The orc knight hits you with a +2 great mace of protection!!
The orc knight hits you with a +4 broad axe of venom!
The orc knight hits you with a +2 long sword of electrocution!
You climb downwards.
There is a stone staircase leading up here.
You are too injured to fight recklessly!
You hit the orc knight but do no damage.
You hit the orc knight. You burn the orc knight. You hit the orc knight.
You burn the orc knight.
The orc knight hits you with a +2 great mace of protection!!
* * * LOW HITPOINT WARNING * * *
The orc knight hits you with a +2 long sword of electrocution!!
* * * LOW HITPOINT WARNING * * *
You are electrocuted!
You die...

.....<))...###..###...#.........#
.....[[[..............###......#.
.........).......^.....#......###
.........)....###......##.##.###.
.......[)[..........#.###.#### ##
...................##.##...# #
.......................##.##
...............oo......####
................@o....##
.....................####
.........##..#..........##
....#...#####............#
.....#..####............##
....#....##...#.........#
..####...###.#...##.#...# ###
##.## ####.######.## # ### ###
###


You could see 3 orc knights.

Vanquished Creatures
  Gastronok (D:11)
  A shambling mangrove (Lair:5)
  5 hydras
  4 centaur warriors
  2 catoblepae
  11 two-headed ogres
  2 boulder beetles
  5 ogre magi
  4 death yaks (Lair:4)
  Urug (Lair:4)
  A deep elf knight (D:13)
  5 skeletal warriors
  A goliath frog (Lair:5)
  Pikel (D:8)
  A deep elf zephyrmancer (D:13)
  A lindwurm (Lair:3)
  2 orc knights
  2 harpies (Lair:3)
  3 deep elf pyromancers (D:13)
  3 ugly things
  3 cyclopes
  3 manticores
  2 orc sorcerers
  An eye of devastation (Lair:4)
  3 black mambas
  A cane toad (shapeshifter) (D:11)
  19 cane toads
  4 centaur skeletons (D:13)
  2 kobold demonologists
  A rime drake (Lair:5)
  2 unseen horrors
  An efreet (D:13)
  9 komodo dragons
  4 yaktaurs (D:13)
  5 trolls
  A hornet (shapeshifter) (D:13)
  A polar bear (Lair:3)
  2 tyrant leeches (Lair:5)
  4 hornets
  22 blink frogs
  11 slime creatures
  A shadow (D:13)
  Sigmund (D:3)
  2 wraiths
  3 wyverns
  2 fire elementals (Lair:3)
  47 yaks
  17 vampire mosquitoes
  3 basilisks
  4 wargs
  3 nagas (Lair:3)
  2 acid dragons
  A floating eye (Lair:4)
  13 water moccasins
  4 ice beasts
  3 sky beasts
  15 wolves
  4 black bears
  18 orc warriors
  12 centaurs
  31 ogres
  A phantom (D:4)
  2 lemures (D:8)
  2 kobold brigands
  19 bullfrogs
  A gnoll sergeant (D:9)
  15 scorpions
  4 killer bees (D:8)
  4 electric eels
  7 howler monkeys
  A centaur zombie (Ossuary)
  2 lava snakes (Lair:3)
  3 jellies
  2 human zombies (Ossuary)
  18 orc priests
  A hound (D:5)
  3 scorpion zombies (Ossuary)
  Ijyb (D:3)
  3 iguanas
  11 orc wizards
  3 mummies (Ossuary)
  Robin (D:4)
  12 gnolls
  6 adders
  A shadow imp (D:8)
  A white imp (D:5)
  A worm (D:2)
  6 dart slugs
  52 orcs
  9 ball pythons
  3 bats
  4 endoplasms
  4 giant cockroaches
  15 goblins
  6 hobgoblins
  5 jackals
  6 quokkas
  2 frilled lizards
  4 gnoll zombies (Ossuary)
  2 goblin zombies
  3 hobgoblin zombies (Ossuary)
  26 kobolds
  2 kobold zombies (Ossuary)
  An orc zombie (Ossuary)
  A quokka zombie (D:6)
  5 rats
624 creatures vanquished.

Vanquished Creatures (others)
  A yak (D:9)
  2 centaurs (D:11)
  An orc (Orc:2)
  43 fungi
  99 plants
146 creatures vanquished.

Grand Total: 770 creatures vanquished

Notes
Turn   | Place    | Note
-------+----------+-------------------------------------------
     0 | D:1      | Ijustatesigmund the Hill Orc Fighter began the quest for
                  | the Orb.
     0 | D:1      | Reached XP level 1. HP: 19/19 MP: 1/1
   182 | D:1      | Reached XP level 2. HP: 14/26 MP: 2/2
   232 | D:1      | Found Esest's Magic Scroll Shoppe.
   242 | D:1      | Bought a scroll of teleportation for 30 gold pieces
   242 | D:1      | Bought a scroll of identify for 20 gold pieces
   390 | D:1      | Reached XP level 3. HP: 33/33 MP: 3/3
   617 | D:2      | Reached skill level 4 in Fighting
   624 | D:2      | Reached skill level 5 in Axes
   633 | D:2      | Reached XP level 4. HP: 34/40 MP: 4/4
  1146 | D:3      | Noticed Sigmund
  1158 | D:3      | Killed Sigmund
  1159 | D:3      | Reached skill level 5 in Fighting
  1159 | D:3      | Reached XP level 5. HP: 34/50 MP: 5/5
  1159 | D:3      | Reached XP level 6. HP: 39/57 MP: 6/6
  1402 | D:3      | Found a glowing golden altar of the Shining One.
  1417 | D:3      | Found a bloodstained altar of Trog.
  1427 | D:3      | Found an ancient bone altar of Kikubaaqudgha.
  1428 | D:3      | Found a stormy altar of Qazlal.
  1428 | D:3      | Found an iron altar of Okawaru.
  1428 | D:3      | Found a glowing silver altar of Zin.
  1428 | D:3      | Found a shimmering altar of Xom.
  1545 | D:3      | Noticed Ijyb
  1553 | D:3      | Killed Ijyb
  2043 | D:4      | Reached skill level 6 in Fighting
  2061 | D:4      | Found Deifyot's Jewellery Shop.
  2130 | D:4      | Found Tiatiudu's Antique Armour Boutique.
  2156 | D:4      | Noticed Robin
  2171 | D:4      | Killed Robin
  2276 | D:4      | Found Tosk's Distillery.
  2285 | D:4      | Bought a potion of heal wounds for 70 gold pieces
  2315 | D:4      | Identified the +6 spear of Gehenna {vamp, rN+}
  2367 | D:4      | Noticed a black bear
  2379 | D:4      | Killed a black bear
  2380 | D:4      | Reached skill level 1 in Evocations
  2380 | D:4      | Reached XP level 7. HP: 40/63 MP: 7/7
  2621 | D:4      | Found Orchotox's Weapon Boutique.
  2794 | D:4      | Found Azeem's Armour Boutique.
  3162 | D:5      | Entered Level 5 of the Dungeon
  3217 | D:5      | Reached XP level 8. HP: 71/71 MP: 8/8
  3263 | D:5      | Reached skill level 7 in Fighting
  3400 | D:5      | Reached skill level 5 in Armour
  4306 | D:6      | Found a sand-covered staircase.
  4318 | Ossuary  | Entered an ossuary
  4620 | Ossuary  | Reached skill level 8 in Fighting
  4622 | Ossuary  | Reached XP level 9. HP: 79/81 MP: 9/9
  4979 | D:6      | Found Zastafe's Antique Armour Shop.
  4996 | D:6      | Reached skill level 5 in Evocations
  5158 | D:6      | Found a white marble altar of Elyvilon.
  5159 | D:6      | Found a shimmering blue altar of Sif Muna.
  5162 | D:6      | Found a hide-covered altar of Uskayaw.
  5163 | D:6      | Found a sacrificial altar of Ru.
  5201 | D:6      | Noticed a troll
  5205 | D:6      | Killed a troll
  5627 | D:6      | Reached skill level 10 in Axes
  5733 | D:7      | Reached skill level 9 in Fighting
  5779 | D:7      | Found a staircase to the Ecumenical Temple.
  5828 | Temple   | Entered the Ecumenical Temple
  6033 | D:7      | Noticed a manticore
  6039 | D:7      | Killed a manticore
  6171 | D:7      | Reached XP level 10. HP: 87/91 MP: 10/10
  6697 | D:7      | Learned a level 3 spell: Stone Arrow
  6981 | D:6      | Bought a polished cloak for 247 gold pieces
  6981 | D:6      | Identified the +0 cloak of the Harp {Str+6} (You bought it
                  | in a shop on level 6 of the Dungeon)
  7090 | D:8      | Found a broken altar of Ashenzari.
  7145 | D:8      | Reached skill level 1 in Conjurations
  7175 | D:8      | Became a worshipper of Ashenzari the Shackled
  7203 | D:8      | Reached skill level 10 in Fighting
  7203 | D:8      | Reached skill level 1 in Earth Magic
  7352 | D:8      | Noticed an angel
  7384 | D:8      | Found Vokepoerr's Hallowed Reliquary.
  7392 | D:8      | Bought a potion of heal wounds for 60 gold pieces
  7606 | D:8      | Noticed Pikel
  7620 | D:8      | Killed Pikel
  8043 | D:9      | Reached skill level 5 in Shields
  8259 | D:8      | Reached XP level 11. HP: 80/101 MP: 11/11
  8700 | D:9      | Reached skill level 11 in Fighting
  8982 | D:9      | Found a staircase to the Lair.
  9185 | D:10     | Entered Level 10 of the Dungeon
  9396 | D:10     | Reached * piety under Ashenzari
  9850 | D:11     | Paralysed by a hornet for 3 turns
  9858 | D:11     | Reached skill level 1 in Dodging
 10317 | D:11     | Reached ** piety under Ashenzari
 10600 | D:11     | Noticed a cyclops
 10612 | D:11     | Killed a cyclops
 10705 | D:11     | Noticed a skeletal warrior
 10966 | D:11     | Noticed a skeletal warrior
 10981 | D:11     | Killed a skeletal warrior
 10982 | D:11     | Noticed a skeletal warrior
 10991 | D:11     | Killed a skeletal warrior
 11170 | D:11     | Noticed a skeletal warrior
 11201 | D:12     | Noticed a manticore
 11210 | D:12     | Killed a manticore
 11213 | D:12     | Found a portal to a secret trove of treasure.
 11282 | D:12     | Noticed a cyan ugly thing
 11296 | D:12     | Killed a cyan ugly thing
 11602 | D:12     | Noticed a white ugly thing
 11615 | D:12     | Killed a white ugly thing
 11616 | D:12     | Reached skill level 12 in Fighting
 11616 | D:12     | Reached XP level 12. HP: 104/115 MP: 12/14
 11761 | D:12     | Reached skill level 1 in Spellcasting
 11852 | D:12     | Found a staircase to the Orcish Mines.
 12018 | D:12     | Noticed a two-headed ogre
 12028 | D:12     | Killed a two-headed ogre
 12691 | D:13     | Noticed a centaur warrior
 12702 | D:13     | Killed a centaur warrior
 12703 | D:13     | Reached skill level 10 in Armour
 13241 | D:13     | Noticed a four-headed hydra
 13248 | D:13     | Killed a one-headed hydra
 13773 | D:11     | Noticed Gastronok
 13796 | D:11     | Killed Gastronok
 14157 | D:13     | Reached skill level 13 in Fighting
 14262 | D:13     | Noticed a deep elf knight
 14274 | D:13     | Killed a deep elf knight
 14570 | D:13     | Reached skill level 15 in Axes
 14570 | D:13     | Reached XP level 13. HP: 90/125 MP: 20/20
 15412 | D:13     | Reached *** piety under Ashenzari
 15535 | D:13     | Identified the Teachings on Reformed Allies
 15552 | D:13     | Found a gate to the Vaults.
 16611 | D:14     | Reached skill level 14 in Fighting
 17015 | D:14     | Identified a scroll of acquirement
 17026 | D:14     | Acquired 1060 gold pieces
 17216 | D:14     | Reached **** piety under Ashenzari
 18075 | D:14     | Reached skill level 1 in Fire Magic
 18478 | Lair:1   | Entered Level 1 of the Lair of Beasts
 18673 | Lair:1   | Reached skill level 15 in Fighting
 19041 | Lair:1   | Reached XP level 14. HP: 139/140 MP: 23/23
 19745 | Lair:2   | Reached skill level 16 in Fighting
 20929 | Lair:3   | Reached skill level 17 in Fighting
 21061 | Lair:3   | Found a staircase to the Shoals.
 21980 | Lair:3   | Found a staircase to the Snake Pit.
 22516 | Lair:4   | Noticed Urug
 22525 | Lair:4   | Killed Urug
 22854 | Lair:4   | Paralysed by a floating eye for 2 turns
 22858 | Lair:4   | Reached skill level 5 in Conjurations
 22872 | Lair:4   | Learned a level 4 spell: Flame Wave
 22936 | Lair:4   | Found a staircase to the Slime Pits.
 22936 | Lair:4   | Found a viscous altar of Jiyva.
 23497 | Lair:5   | Entered Level 5 of the Lair of Beasts
 23931 | Lair:5   | Reached XP level 15. HP: 111/155 MP: 25/25
 24221 | Lair:5   | Reached skill level 5 in Fire Magic
 24397 | Lair:5   | Identified the +4 scimitar "Xaq Oqa" {speed, rC+ Str+4}
 24631 | Lair:5   | Identified the +3 robe "Qug Teukhlish" {Drain rElec rC+++
                  | Int-3}
 25118 | Lair:5   | Identified the +3 flail of Kyhidis {chaos, rF++ Str+3 Int-2
                  | Stlth+}
 25813 | Orc:1    | Entered Level 1 of the Orcish Mines
 26070 | Orc:2    | Entered Level 2 of the Orcish Mines
 27838 | Orc:2    | Found a staircase to the Elven Halls.
 27863 | Orc:2    | Found Vossuf's General Store.
 27863 | Orc:2    | Found Osuduxew's Assorted Antiques.
 27864 | Orc:2    | Found Toneamn's Distillery.
 27864 | Orc:2    | Found Cicvinte's Armour Shoppe.
 27907 | Orc:2    | Reached skill level 18 in Fighting
 28181 | Orc:2    | Bought a potion of heal wounds for 85 gold pieces
 28181 | Orc:2    | Bought 2 potions of heal wounds for 170 gold pieces
 28530 | Orc:2    | HP: 6/157 [orc knight/+2 long sword of electrocution (30)]
 28530 | Orc:2    | Slain by an orc knight

Illustrated notes

Levels and vault maps discovered:
D:1:      lightli_arrival_maybe_door_vault, layout_rooms, serial_shops, shop,
          minmay_tetromino_t2
D:2:      layout_basic
D:3:      layout_rooms, grunt_temple_overflow_open, minmay_misc_feat_columns,
          nicolae_titane, uniq_ijyb, uniq_sigmund
D:4:      black_bear_nest_1, layout_basic, serial_shops, shop, shop, shop, shop,
          shop, serial_curves, eino_curves_03, eino_curves_03, eino_curves_02,
          uniq_robin
D:5:      layout_gridville
D:6:      layout_cave_pods, minitemple, enter_ossuary_4, serial_shops, shop,
          minmay_microvault
D:7:      layout_gridville, minmay_temple_entry_large_hall, kb_rosetta
D:8:      layout_loops_ring, mainiacjoe_overflow_catwalk, nicolae_good_shop,
          uniq_pikel
D:9:      layout_small_grid, grunt_lair_entry_orc_guard_hut
D:10:     layout_loops_ring
D:11:     layout_basic, grunt_ministairs_3, uniq_gastronok
D:12:     layout_loops_ring, erik_orc_3, nicolae_trove_entry_isolated
D:13:     kennysheep_bubbly, layout_irregular_city,
          hangedman_vaults_entry_quadrant_bands
D:14:     layout_irregular_city, infiniplex_staircase_zigzag_2,
          kennysheep_small_circle
Temple:   cyrus_temple_forest
Lair:1:   layout_misc_corridors, serial_bayou_lagoon_a, disabler_island,
          serial_bayou_shore_b
Lair:2:   layout_long_grid, serial_bayou_crossing, grunt_megastairs_5
Lair:3:   layout_gridlike, nicolae_shoals_entry_roost,
          nicolae_snake_entry_squirm, st_stairs_9
Lair:4:   layout_hall_layers, minmay_slime_entry_eyes, uniq_urug
Lair:5:   minmay_lair_end_frog_pond, layout_cave_pods, serial_bayou_shore_a
Orc:1:    nicolae_orc_accident_3, layout_caves, guppyfry_orc_lava_fort
Orc:2:    st_orc_ogre_mass, layout_caves

Skill      XL: |  1  2  3  4  5  6  7  8  9 10 11 12 13 14 15 |
---------------+----------------------------------------------+-----
Axes           | 3 4 5 6 7 9 10 11 13 15 16 17 | 17.5
Fighting       | 4 5 6 8 9 10 12 13 15 17 18 | 18.0
Evocations     | 1 2 4 5 6 7 |  7.2
Armour         | 4 6 7 8 9 11 12 | 12.3
Conjurations   | 1 6 7 |  7.1
Earth Magic    | 1 4 |  4.0
Shields        | 5 7 |  7.4
Dodging        | 2 4 |  4.3
Spellcasting   | 3 4 |  4.2
Fire Magic     | 1 4 5 |  5.2

Action                     |  1- 3 |  4- 6 |  7- 9 | 10-12 | 13-15 || total
---------------------------+-------+-------+-------+-------+-------++-------
  Melee: War axe           |    88 |   154 |   250 |   541 |   959 ||  1992
   Cast: Stone Arrow       |       |       |       |       |     1 ||     1
 Invoke: Curse Item        |       |       |       |     4 |     3 ||     7
  Evoke: Wand              |       |       |       |    20 |    14 ||    34
    Use: Scroll            |     2 |     9 |    10 |     5 |     2 ||    28
         Potion            |       |       |       |    12 |     2 ||    14
   Stab: Invisible         |       |       |       |     4 |       ||     4
 Armour: Scale mail        |    30 |    32 |       |       |       ||    62
         Chain mail        |       |    44 |   146 |   250 |   383 ||   823
  Dodge: Dodged            |    44 |    50 |    82 |   206 |   339 ||   721
  Block: Buckler           |    25 |    49 |    60 |   158 |   274 ||   566

Table legend: (Time is in decaauts)
 A = Elapsed time spent in this place.
 B = Non-inter-level travel time spent in this place.
 C = Inter-level travel time spent in this place.
 D = Time resting spent in this place.
 E = Time spent auto-exploring this place.
 F = Levels seen in this place.
 G = Mean time per level.
                   A        B        C        D        E       F      G
               +--------+--------+--------+--------+--------+-----+--------+
         Total |  28442 |  27285 |   1157 |   7506 |  15877 |  23 | 1236.6 |
       Dungeon |  18020 |  17241 |    779 |   4801 |   9982 |  14 | 1287.1 |
        Temple |     85 |     45 |     40 |      0 |     39 |   1 |   85.0 |
          Lair |   7158 |   6877 |    281 |    944 |   4949 |   5 | 1431.6 |
  Orcish Mines |   2684 |   2629 |     55 |   1595 |    744 |   2 | 1342.0 |
       Ossuary |    494 |    494 |      0 |    166 |    163 |   1 |  494.0 |
               +--------+--------+--------+--------+--------+-----+--------+

Top non-repeatable levels by time:
    D:13: 2805 daAuts
    D:11: 2171 daAuts
  Lair:5: 2079 daAuts
    D:12: 1963 daAuts
   Orc:1: 1919 daAuts
  Lair:3: 1691 daAuts
    D:14: 1643 daAuts
     D:8: 1403 daAuts
     D:4: 1328 daAuts
  Lair:2: 1168 daAuts
     D:6: 1163 daAuts
  Lair:4: 1160 daAuts
     D:7: 1116 daAuts
  Lair:1: 1058 daAuts
     D:5: 992 daAuts
